 Dungeon Crawl Stone Soup version 0.19.1 (webtiles) character file.

189 ChaseSP the Chopper (level 5, -2/45 HPs)
             Began as a Minotaur Berserker on Nov 25, 2016.
             Was a Believer of Trog.
             Slain by an ogre
             ... wielding a +0 giant club
              (24 damage)
             ... on level 4 of the Dungeon.
             The game lasted 00:03:01 (2379 turns).

ChaseSP the Chopper (Minotaur Berserker)            Turns: 2379, Time: 00:03:01

Health: -2/45      AC:  6    Str: 21    XL:     5   Next: 40%
Magic:  4/4        EV: 11    Int:  4    God:    Trog [**....]
Gold:   176        SH:  0    Dex: 11    Spells: 0 memorised, 4 levels left

rFire  . . .     SeeInvis .     a - +0 hand axe
rCold  + . .     Gourm    .     e - +0 ring mail
rNeg   . . .     Faith    .     (no shield)
rPois  .         Spirit   .     (helmet restricted)
rElec  .         Reflect  .     x - +0 cloak
rCorr  .         Harm     .     (no gloves)
MR     .....                    (no boots)
Stlth  +.........               (no amulet)
                                (no ring)
                                j - ring of protection from cold

@: no status effects
A: retaliatory headbutt, horns 2
a: Berserk, Trog's Hand, Burn Spellbooks, Renounce Religion


You were on level 4 of the Dungeon.
You worshipped Trog.
Trog was pleased with you.
You were not hungry.

You visited 1 branch of the dungeon, and saw 4 of its levels.

You collected 176 gold pieces.

Inventory:

Hand Weapons
 a - a +0 hand axe (weapon)
Armour
 b - a +0 animal skin
 e - a +0 ring mail (worn)
 w - a +0 plate armour
 x - a +0 cloak (worn)
Jewellery
 j - a ring of protection from cold (left hand)
Scrolls
 g - a scroll of amnesia {unknown}
 h - a scroll of teleportation {unknown}
 l - 2 scrolls of remove curse {unknown}
 p - 2 scrolls of enchant armour {unknown}
 q - 2 scrolls of identify {unknown}
 u - a scroll of blinking {unknown}
 y - a scroll of immolation {unknown}
 z - a scroll of noise {unknown}
Potions
 d - 2 potions of haste {unknown}
 f - a potion of brilliance {unknown}
 k - 3 potions of curing {unknown}
 o - a potion of ambrosia {unknown}
 r - a potion of lignification {unknown}
 v - a potion of mutation {unknown}
Comestibles
 c - 4 bread rations
 i - 2 meat rations
 m - a beef jerky
 n - 4 fruits
 s - a royal jelly
 t - a slice of pizza


   Skills:
 - Level 3.6 Fighting
 + Level 7.4 Axes
 - Level 2.4 Armour
 - Level 2.1 Dodging


You had 4 spell levels left.
You didn't know any spells.

Dungeon Overview and Level Annotations

Branches:
Dungeon (4/15)
 Temple: D:4-7

Altars:
Ashenzari
Kikubaaqudgha
Nemelex Xobeh
Sif Muna
Vehumet


Innate Abilities, Weirdness & Mutations

You reflexively headbutt those who attack you in melee.
You have a pair of horns on your head.


Message History

You hit the ogre.
The ogre is moderately wounded.
The ogre closely misses you. You furiously retaliate!
You headbutt the ogre.
An orc comes into view. It is wielding a dagger.
The orc shouts!
You hit the ogre.
The ogre is heavily wounded.
The ogre closely misses you. You furiously retaliate!
You headbutt the ogre. You hit the ogre.
The ogre is severely wounded.
The ogre barely misses you.
You hit the ogre.
The ogre is almost dead.
An orc comes into view. It is wielding a falchion.
The orc shouts!
You hit the ogre.
The ogre is almost dead.
The ogre hits you with a giant club!!
Ouch! That really hurt!
You die...

..... ..# #...# #.#
#...# #.# #...# #.#
#...# #.# ###...####o.#
#.# #.....Oo...# #.####
#.#..@#.##
#####.##.###.....o....#
......#.#........#.##.#
######.###....##.#...
##....#.......##.#
#.#..#.###.### #
#.###.#.# #.# #. ##...
... . #..


You could see an ogre, an orc wizard and 2 orcs.

Vanquished Creatures
  A black bear (D:3)
  An adder (D:2)
  A howler monkey skeleton (D:4)
  3 worms
  5 dart slugs (D:1)
  5 leopard geckos
  An orc (D:3)
  A ball python (D:1)
  8 bats
  A giant cockroach (D:1)
  2 goblins
  5 hobgoblins
  7 jackals
  5 kobolds
  2 quokkas
  6 frilled lizards
  2 rats (D:1)
56 creatures vanquished.

Notes
Turn   | Place    | Note
-------+----------+-------------------------------------------
     0 | D:1      | ChaseSP the Minotaur Berserker began the quest for the Orb.
     0 | D:1      | Reached XP level 1. HP: 19/19 MP: 0/0
     5 | D:1      | Found a sparkling altar of Nemelex Xobeh.
    23 | D:1      | Reached skill level 4 in Axes
    63 | D:1      | Reached XP level 2. HP: 23/26 MP: 1/1
   243 | D:1      | Reached skill level 5 in Axes
   261 | D:1      | Reached XP level 3. HP: 28/31 MP: 2/2
   675 | D:1      | You fall through a shaft!
   731 | D:2      | Reached ** piety under Trog
   850 | D:2      | Found an ancient bone altar of Kikubaaqudgha.
  1192 | D:2      | Found a radiant altar of Vehumet.
  1454 | D:2      | Found a deep blue altar of Sif Muna.
  1636 | D:3      | Reached XP level 4. HP: 39/39 MP: 3/3
  1638 | D:3      | Reached skill level 6 in Axes
  1709 | D:3      | Found a shattered altar of Ashenzari.
  1838 | D:3      | Noticed a black bear
  1843 | D:3      | Killed a black bear
  1843 | D:3      | Reached skill level 7 in Axes
  1843 | D:3      | Reached XP level 5. HP: 45/45 MP: 4/4
  2368 | D:4      | Noticed an ogre
  2379 | D:4      | Slain by an ogre

Skill      XL: |  1  2  3  4 |
---------------+-------------+-----
Axes           | 4 5 7 |  7.4
Fighting       | |  3.6
Armour         | |  2.4
Dodging        | |  2.1

Action                   |  1- 3 |  4- 6 || total
-------------------------+-------+-------++-------
Melee: Hand axe          |    62 |    37 ||    99
       Headbutt          |    17 |     9 ||    26
Invok: Berserk           |       |     1 ||     1
  Eat: Chunk             |     1 |     4 ||     5
Armor: Animal skin       |     3 |       ||     3
       Ring mail         |    12 |     7 ||    19
Dodge: Dodged            |    40 |    23 ||    63
